Map: 回聲 - 天梯版(虛空之遺)

Players

Beastyqt - Winner!

  • Race: Terran Terran
  • Spawn Location: 11:00

Rex

  • Race: Zerg Zerg
  • Spawn Location: 5:00

Event: WESG 2016 Finals

VOD

Have the link to the VOD?

Description

Time

  • Played on: Jan. 12, 2017, 4:31 a.m.
  • Length: 16:54

All games in this series

Show
View Real Time Build Order
Export as new Build Order

Beastyqt Terran - Winner!

Build Orders: Reaper Expand, Hellion Banshee, Mech 

Get SALT Encoding   

  12  0:00  SCV  
  13  0:12  SCV  
  14  0:17  Supply Depot  
  14  0:25  SCV  
  15  0:29  Refinery  
  15  0:38  SCV  
  16  0:44  Barracks  
  16  0:50  SCV  
  17  1:02  SCV  
  18  1:15  SCV  
  19  1:30  Orbital Command  
  19  1:31  Reaper  
  20  1:42  Command Center  
  20  1:53  Factory  
  20  1:57  SCV  
  21  2:06  Barracks Reactor, Supply Depot  
  21  2:09  SCV  
  21  2:15  Refinery  
  22  2:21  SCV  
  23  2:33  SCV  
  24  2:42  Starport  
  24  2:48  Hellion x2, SCV  
  29  2:58  Orbital Command  
  29  3:00  Barracks Tech Lab  
  29  3:01  SCV  
  30  3:08  Widow Mine x2  
  34  3:13  SCV  
  34  3:17  Supply Depot  
  35  3:25  SCV  
  36  3:29  SCV  
  36  3:31  Medivac  
  38  3:37  SCV  
  38  3:38  Hellion  
  38  3:41  Hellion, SCV, Supply Depot  
  44  3:49  Cloaking Field, SCV  
  44  3:53  SCV  
  46  3:59  Hellion  
  46  4:01  SCV  
  46  4:02  Hellion  
  51  4:03  Supply Depot  
  51  4:07  Banshee  
  51  4:09  SCV  
  55  4:15  SCV  
  56  4:21  SCV  
  56  4:22  Hellion  
  59  4:25  Hellion  
  59  4:26  Supply Depot  
  59  4:27  SCV  
  59  4:29  Armory  
  62  4:33  SCV  
  63  4:39  SCV  
  64  4:45  SCV  
  64  4:49  Supply Depot  
  64  4:51  Hellion x2, SCV, Banshee  
  73  4:58  SCV  
  70  5:06  SCV  
  71  5:10  SCV, Command Center  
  72  5:14  Refinery  
  72  5:16  Hellion x2, Refinery  
  72  5:19  SCV  
  77  5:25  SCV, Terran Vehicle Weapons Level 1  
  76  5:31  SCV  
  77  5:36  Factory  
  77  5:37  Barracks Tech Lab, SCV  
  68  5:43  Factory, SCV  
  68  5:47  Hellion x2  
  68  5:49  SCV  
  68  5:53  Banshee  
  68  5:55  SCV  
  68  5:56  Engineering Bay  
  70  6:01  Barracks Reactor, SCV  
  69  6:06  Engineering Bay  
  69  6:10  Hellion x2  
  74  6:11  SCV  
  74  6:13  SCV  
  75  6:21  Orbital Command  
  75  6:23  SCV  
  76  6:28  SCV, Supply Depot  
  76  6:32  Armory  
  77  6:34  Refinery, Siege Tank  
  77  6:35  Hellion, Refinery, Liberator x2, SCV  
  83  6:40  SCV  
  83  6:44  Siege Tank  
  87  6:48  SCV  
  87  6:53  Hellion, SCV  
  97  6:56  SCV  
  97  7:00  Hellion, SCV  
  101  7:03  Supply Depot  
  101  7:05  Supply Depot  
  101  7:06  SCV  
  102  7:10  SCV  
  102  7:15  SCV  
  104  7:21  Factory  
  104  7:22  Factory, Siege Tank  
  107  7:24  Terran Vehicle And Ship Armor Level 1  
  107  7:25  Missile Turret, Siege Tank  
  107  7:27  Supply Depot  
  107  7:28  Missile Turret  
  110  7:34  Hellion  
  110  7:35  Hellion, SCV  
  115  7:37  Supply Depot  
  115  7:39  SCV, Liberator  
  116  7:45  Liberator  
  116  7:46  Terran Vehicle Weapons Level 2  
  116  7:51  Command Center  
  116  7:55  Hellion  
  124  8:11  Siege Tank  
  124  8:12  Hellion x2, Factory Tech Lab, Factory Reactor  
  131  8:16  Hellion  
  130  8:28  Infernal Pre-Igniter  
  130  8:33  Hellion x2  
  128  8:39  Siege Tank x2  
  119  8:44  Hellion  
  109  8:55  Hellion x2  
  114  8:56  Hellion x2  
  114  8:59  SCV  
  117  9:05  Viking x2, Siege Tank  
  119  9:11  Hellion x2  
  119  9:16  Cyclone x2  
  119  9:17  Hellion x2, Sensor Tower  
  129  9:20  Sensor Tower  
  129  9:21  Missile Turret  
  133  9:29  SCV  
  134  9:32  Hellion, Cyclone  
  134  9:37  Hellion  
  141  9:38  Viking x2  
  141  9:41  SCV  
  146  9:46  Terran Vehicle And Ship Armor Level 2  
  146  9:50  Planetary Fortress  
  146  9:53  SCV x2  
  148  10:01  Siege Tank  
  148  10:02  Hellion x2  
  148  10:03  Liberator  
  148  10:04  Refinery x2  
  155  10:20  Supply Depot  
  155  10:21  Supply Depot  
  156  10:27  Supply Depot, Terran Vehicle Weapons Level 3  
  156  10:28  Supply Depot  
  156  10:37  Hellion  
  156  10:40  Hellion  
  156  10:41  Hellion  
  156  10:42  Hellion, Siege Tank x2  
  164  10:43  Hellion, Liberator  
  164  10:49  Ghost Academy, Command Center  
  156  10:50  Barracks Tech Lab  
  156  10:59  Hellion, Liberator  
  164  11:06  Terran Infantry Armor Level 1  
  164  11:07  Barracks  
  164  11:09  Barracks  
  161  11:17  Cyclone x3  
  161  11:18  Hellion x2, Cyclone  
  174  11:20  Hellion  
  174  11:23  Ghost  
  181  11:36  Drilling Claws  
  181  11:37  Personal Cloaking  
  181  11:39  Hellion, Widow Mine  
  185  11:41  Widow Mine  
  187  11:53  Liberator, Widow Mine  
  187  12:00  Hellion x3  
  196  12:18  Siege Tank  
  196  12:21  Command Center  
  199  12:26  Hellion  
  196  12:32  Thor  
  196  12:42  Siege Tank  
  196  12:43  Hellion  
  197  12:50  Ghost  
  199  12:51  Barracks Tech Lab x2  
  199  13:01  Terran Vehicle And Ship Armor Level 3  
  199  13:02  Terran Infantry Armor Level 2  
  199  13:09  Liberator  
  189  13:27  Ghost x3  
  172  13:30  Hellion x3, Siege Tank x2  
  172  13:31  Hellion, Siege Tank  
  172  13:33  Orbital Command  
  165  13:45  Liberator  
  163  13:52  Hellion x2, Liberator  
  163  13:55  Ghost x2  
  160  13:56  Ghost  
  160  13:59  Missile Turret x2  
  160  14:00  Missile Turret  
  160  14:02  Siege Tank  
  172  14:04  Cyclone  
  172  14:09  Planetary Fortress  
  178  14:10  Orbital Command  
  178  14:14  Missile Turret  
  178  14:15  Refinery x2  
  178  14:24  Ghost x3  
  178  14:33  Cyclone x3  
  187  14:40  Cyclone  
  187  15:02  Ghost x2  
  187  15:06  SCV  
  187  15:17  Ghost  
  189  15:22  SCV  
  190  15:31  Ghost  
  185  15:39  Command Center  
  179  15:56  Ghost x2  
  183  15:57  Cyclone  
  183  15:58  Cyclone x4  
  198  16:06  Orbital Command  
Show
View Real Time Build Order
Export as new Build Order

Rex Zerg 

Build Orders: Hatch First 

Get SALT Encoding   

  12  0:00  Drone  
  13  0:08  Drone  
  14  0:17  Overlord  
  14  0:24  Drone, Extractor  
  16  0:35  Drone x2  
  17  0:51  Hatchery  
  17  0:54  Drone  
  17  0:57  Drone  
  17  1:03  Extractor  
  17  1:14  Spawning Pool  
  17  1:16  Drone  
  17  1:19  Drone  
  18  1:28  Drone  
  19  1:37  Overlord  
  19  2:00  Queen  
  21  2:01  Zergling x4  
  21  2:03  Queen  
  21  2:04  Drone  
  21  2:05  Metabolic Boost  
  26  2:10  Drone  
  26  2:14  Drone  
  28  2:20  Drone  
  29  2:28  Drone  
  30  2:31  Drone  
  30  2:36  Queen  
  33  2:39  Queen  
  33  2:42  Overlord  
  33  2:43  Drone  
  36  2:49  Overlord  
  36  3:01  Drone x2  
  36  3:04  Drone  
  39  3:13  Drone x6  
  39  3:15  Drone  
  46  3:23  Drone  
  47  3:33  Zergling x4  
  47  3:34  Zergling x2  
  49  3:42  Overlord  
  49  3:44  Overlord  
  49  3:46  Overlord  
  49  3:47  Overlord  
  49  3:49  Hatchery  
  48  3:58  Overlord  
  48  4:01  Drone x4  
  52  4:03  Spore Crawler  
  52  4:04  Drone, Spore Crawler  
  51  4:11  Drone, Extractor  
  51  4:12  Roach Warren  
  51  4:16  Drone  
  51  4:19  Queen  
  53  4:25  Zergling x10  
  53  4:28  Drone  
  53  4:30  Drone  
  60  4:34  Lair  
  60  4:37  Overlord  
  61  4:52  Drone  
  61  4:53  Drone x6  
  67  5:00  Drone  
  67  5:03  Drone x2, Overlord  
  67  5:04  Drone  
  71  5:11  Roach  
  71  5:12  Overlord  
  73  5:19  Roach  
  74  5:24  Roach x2  
  72  5:39  Roach x2  
  72  5:42  Roach x2  
  73  5:43  Roach  
  73  5:44  Roach  
  73  5:45  Roach x2  
  73  5:49  Spore Crawler  
  76  5:51  Drone x2  
  76  5:53  Overseer  
  76  5:55  Drone x2  
  76  5:56  Drone  
  80  6:05  Drone x2  
  80  6:08  Overlord  
  80  6:09  Overseer  
  82  6:13  Extractor  
  82  6:14  Drone  
  82  6:15  Evolution Chamber  
  82  6:16  Infestation Pit  
  82  6:17  Drone x2  
  82  6:18  Evolution Chamber, Extractor  
  81  6:19  Extractor  
  81  6:24  Drone  
  80  6:27  Drone x2  
  82  6:37  Drone x2  
  82  6:38  Drone x2, Hydralisk Den  
  85  6:40  Zerg Missile Weapons Level 1  
  85  6:51  Drone x3  
  85  6:52  Drone x4, Overlord  
  92  7:01  Drone  
  93  7:02  Zerg Ground Armor Level 1  
  93  7:09  Drone x10  
  93  7:12  Extractor  
  93  7:15  Hive  
  102  7:17  Drone, Overlord  
  102  7:19  Queen x2  
  102  7:21  Drone  
  108  7:25  Overlord  
  108  7:26  Hatchery  
  107  7:31  Hatchery  
  106  7:44  Hydralisk x6  
  106  7:48  Roach x2  
  106  7:49  Zergling x2  
  106  7:50  Zergling x2  
  124  7:53  Roach, Zergling x2  
  124  7:54  Zergling x4  
  129  7:58  Hydralisk  
  129  7:59  Hydralisk  
  129  8:05  Muscular Augments  
  119  8:22  Hydralisk x3  
  119  8:23  Zergling x8  
  87  8:51  Roach x7  
  87  8:54  Drone  
  99  8:56  Glial Reconstitution, Drone  
  100  9:03  Drone  
  100  9:04  Viper  
  100  9:08  Drone x3  
  107  9:16  Viper  
  110  9:20  Hatchery  
  109  9:27  Drone, Extractor  
  109  9:28  Extractor  
  108  9:32  Hydralisk x4  
  116  9:42  Overlord  
  116  9:53  Drone  
  116  9:54  Drone x6, Overlord x2  
  116  9:55  Hydralisk x2  
  116  9:58  Viper  
  130  10:01  Hatchery  
  130  10:03  Hydralisk x2  
  133  10:08  Overlord  
  135  10:17  Roach  
  135  10:18  Roach x3  
  143  10:28  Hydralisk x4  
  126  10:50  Viper  
  126  10:51  Viper  
  126  10:55  Hatchery  
  131  10:58  Extractor x2  
  131  11:02  Overlord  
  129  11:15  Queen  
  131  11:21  Hatchery  
  131  11:24  Hydralisk x8  
  146  11:28  Roach x3  
  152  11:34  Evolution Chamber  
  152  11:36  Evolution Chamber  
  150  11:42  Drone x3  
  153  11:56  Roach x8  
  153  12:00  Ravager x2  
  173  12:01  Ravager x2  
  173  12:15  Zerg Missile Weapons Level 2  
  169  12:19  Roach x8  
  176  12:33  Roach x6  
  179  12:42  Roach x4  
  181  12:47  Drone x3  
  182  12:58  Viper x2  
  184  13:11  Zerg Ground Armor Level 2  
  126  13:37  Hydralisk, Roach x3  
  126  13:38  Roach x10, Zergling x2  
  126  13:51  Drone x7  
  131  14:01  Drone  
  132  14:08  Ravager x2  
  132  14:09  Ravager x4  
  132  14:12  Roach  
  134  14:23  Drone x7  
  133  14:30  Ravager  
  133  14:31  Ravager x2  
  122  15:04  Hydralisk x8  
  119  15:12  Extractor  
  118  15:17  Roach  
  118  15:18  Roach x2  
  124  15:27  Hatchery  
  123  15:30  Drone x2  
  111  15:39  Roach  
  110  15:51  Roach x4  
  110  15:56  Ravager x2  
  110  15:57  Ravager x3  
Tags
 
Add a new tag
Caveats
  • Supply blocks, unpowered buildings, or Contaminate may cause inaccurate times.
  • Supply counts are checked every 10 seconds.